 Dungeon Crawl Stone Soup version 0.31-a0-216-g22e908d (webtiles) character file.

Game seed: 9108669590214603358

30 Kahili the Magician (level 3, -3/27 HPs)
             Began as a Djinni Hedge Wizard on July 2, 2023.
             Slain by Sigmund
             ... wielding a +0 scythe
              (6 damage)
             ... on level 2 of the Dungeon.
             The game lasted 00:02:50 (1110 turns).

Kahili the Magician (Djinni Hedge Wizard)           Turns: 1110, Time: 00:02:51

Health: -3/27      AC:  3    Str:  9    XL:     3   Next: 35%
Gold:   33         EV: 12    Int: 17    God:
                   SH:  0    Dex: 12

rFire   + + .        a - +0 dagger
rCold   x . .        (no shield)
rNeg    . . .        b - +0 robe
rPois   ∞            c - +0 hat
rElec   .            (no cloak)
rCorr   .            d - +0 pair of gloves {Stlth+}
SInv    .            (boots unavailable)
Will    .....        f - amulet of the acrobat
Stlth   +++          (no ring)
HPRegen 0.24/turn    (no ring)
MPRegen 0.00/turn

%: acrobat, infuse magic (-4 HP)
@: flying, very slightly contaminated
A: sickness immunity, fire resistance 2, cold vulnerability 1, float, innate
caster, HP casting, extra vitality 1
a: no special abilities


You were on level 2 of the Dungeon.
You visited 1 branch of the dungeon, and saw 2 of its levels.

You collected 59 gold pieces.
You spent 26 gold pieces at shops.

Inventory:

Hand Weapons
 a - a +0 dagger (weapon)
Armour
 b - a +0 robe (worn)
 c - a +0 hat (worn)
 d - a +0 pair of gloves of stealth (worn)
Jewellery
 f - an amulet of the acrobat (around neck)
Scrolls
 e - a scroll of identify
 h - a scroll of enchant armour
 i - a scroll of vulnerability {unknown}
Potions
 g - a potion of curing


   Skills:
 + Level 1.3 Fighting
 - Level 2.1 Dodging
 - Level 1.5 Stealth
 * Level 3.4 Spellcasting
 * Level 3.4 Conjurations
 * Level 3.4 Hexes
   Level 0.0 Charms
 * Level 3.4 Summonings
 * Level 3.4 Necromancy
 * Level 3.4 Translocations
 * Level 3.4 Transmutations
 * Level 3.4 Fire Magic
 * Level 3.4 Ice Magic
 * Level 3.4 Air Magic
 * Level 3.4 Earth Magic
 * Level 3.4 Poison Magic


You knew the following spells:

 Your Spells              Type           Power      Damage    Failure   Level
a - Magic Dart            Conj           56%        1d5       4%          1
b - Slow                  Hex            56%        N/A       4%          1
c - Blink                 Tloc           28%        N/A       6%          2
d - Call Imp              Summ           28%        N/A       6%          2
e - Mephitic Cloud        Conj/Pois/Air  14%        N/A       12%         3
f - Sandblast             Erth           28%        2d8       4%          1
Your spell library was empty.

Dungeon Overview and Level Annotations

Branches:
Dungeon (2/15)

Altars:

Shops:
D:1 [?:

Annotations:
D:2 Sigmund


Innate Abilities, Weirdness & Mutations

You are immune to sickness and miasma.
You are immune to poison.
Your flesh is very heat resistant. (rF++)
You are vulnerable to cold. (rC-)
You float through the air rather than walking.
You learn spells naturally, not from books.
Your magical power is your life essence.
You have superior vitality. (+4 MHP)


Message History

Confirm with . or Enter, or press ? or * to list all spells.
Aiming: Magic Dart (safe; 4% risk of failure)
Press: ? - help, Shift-Dir - straight line, f/p - Sigmund
Aim: Sigmund, wielding a +0 scythe and wearing a +2 robe of fire resistance (heavily wounded, confused, ally target, 100% to hit)
You miscast Magic Dart.
You are very lightly contaminated with residual magic.
Nothing appears to happen.
Sigmund hits you with a +0 scythe!
* * * LOW HITPOINT WARNING * * *
A rat comes into view.
Your cerulean imp hits Sigmund but does no damage.
Casting: Magic Dart (safe; 4% risk of failure)
Confirm with . or Enter, or press ? or * to list all spells.
Aiming: Magic Dart (safe; 4% risk of failure)
Press: ? - help, Shift-Dir - straight line, f/p - Sigmund
Aim: Sigmund, wielding a +0 scythe and wearing a +2 robe of fire resistance (heavily wounded, confused, ally target, 100% to hit)
You miscast Magic Dart.
Nothing appears to happen.
* * * LOW HITPOINT WARNING * * *
Your cerulean imp hits Sigmund with a -3 spear.
The rat misses your cerulean imp.
Sigmund hits your cerulean imp with a +0 scythe!
Casting: Magic Dart (safe; 4% risk of failure)
Confirm with . or Enter, or press ? or * to list all spells.
Aiming: Magic Dart (safe; 4% risk of failure)
Press: ? - help, Shift-Dir - straight line, f/p - Sigmund
Aim: Sigmund, wielding a +0 scythe and wearing a +2 robe of fire resistance (heavily wounded, confused, ally target, 100% to hit)
The magic dart hits Sigmund but does no damage.
Sigmund is heavily wounded.
* * * LOW HITPOINT WARNING * * *
The rat misses your cerulean imp.
Your cerulean imp hits Sigmund with a -3 spear.
Casting: Magic Dart (safe; 4% risk of failure)
Confirm with . or Enter, or press ? or * to list all spells.
Aiming: Magic Dart (safe; 4% risk of failure)
Press: ? - help, Shift-Dir - straight line, f/p - Sigmund
Aim: Sigmund, wielding a +0 scythe and wearing a +2 robe of fire resistance (heavily wounded, confused, ally target, 100% to hit)
The magic dart hits Sigmund but does no damage.
Sigmund is heavily wounded.
* * * LOW HITPOINT WARNING * * *
Sigmund hits you with a +0 scythe.
You die...

....................+
...########.##...#.##
#.# #.##..##.#
#.###.##.# #.# #.##.#
#(###.##.# #........#
#####.########
#.@....... #.@######.
#.5r. ##.### #.# #.#
#.# #..


You could see Sigmund (confused, ally target), a rat and a friendly cerulean imp
(summoned).

Vanquished Creatures
  3 dart slugs (D:1)
  3 bats
  2 endoplasms (D:1)
  2 goblins (D:1)
  5 hobgoblins (D:1)
  A kobold (D:1)
  A quokka (D:1)
  A frilled lizard (D:1)
  3 rats (D:1)
21 creatures vanquished.

Notes
Turn   | Place    | Note
-------+----------+-------------------------------------------
     0 | D:1      | Kahili the Djinni Hedge Wizard began the quest for the Orb.
     0 | D:1      | Kahili set off with the following spells memorised: Magic
                  | Dart, Slow, Blink, Call Imp, Mephitic Cloud.
     0 | D:1      | Reached XP level 1. HP: 15/15 MP: 0/0
    85 | D:1      | Reached XP level 2. HP: 15/22 MP: 0/0
   175 | D:1      | Reached skill level 1 in Fighting
   292 | D:1      | Found Zygavvoe's Armour Emporium.
   457 | D:1      | Found Tirew's Magic Scroll Emporium.
   473 | D:1      | Bought a scroll of identify for 26 gold pieces
   479 | D:1      | Reached XP level 3. HP: 25/27 MP: 0/0
   479 | D:1      | Learned a level 1 spell: Sandblast
   814 | D:1      | Found Leunil's Book Shoppe.
   915 | D:1      | Found a faded altar of an unknown god.
  1098 | D:2      | Noticed Sigmund
  1110 | D:2      | Slain by Sigmund

Illustrated notes

Levels and vault maps discovered:
D:1:      evilmike_arrival_crescent, layout_basic,
          shapermc_ecumenical_altar_petra, serial_shops, shop,
          nicolae_shop_tiny_glass, shop, nicolae_concentric_dashed_squares_wild
D:2:      layout_loops_corners, uniq_sigmund

Skill      XL: |  1  2 |
---------------+-------+-----
Spellcasting   | 3 |  3.4
Conjurations   | 3 |  3.4
Hexes          | 3 |  3.4
Summonings     | 3 |  3.4
Necromancy     | 3 |  3.4
Translocations | 3 |  3.4
Transmutations | 3 |  3.4
Fire Magic     | 3 |  3.4
Ice Magic      | 3 |  3.4
Air Magic      | 3 |  3.4
Earth Magic    | 3 |  3.4
Poison Magic   | 3 |  3.4
Fighting       | 1 |  1.3
Dodging        | |  2.1
Stealth        | |  1.5

Action                     || total
---------------------------++-------
  Melee: Dagger            ||     1
   Cast: Magic Dart        ||    53
         Mephitic Cloud    ||     2
         Call Imp          ||     1
    Use: Scroll            ||     2
 Armour: Robe              ||     2
  Dodge: Dodged            ||     2

Table legend: (Time is in decaauts)
 A = Elapsed time spent in this place.
 B = Non-inter-level travel time spent in this place.
 C = Inter-level travel time spent in this place.
 D = Time resting spent in this place.
 E = Time spent auto-exploring this place.
 F = Levels seen in this place.
 G = Mean time per level.
                   A        B        C        D        E       F      G
               +--------+--------+--------+--------+--------+-----+--------+
         Total |   1109 |   1071 |     38 |      0 |    945 |   2 |  554.5 |
       Dungeon |   1109 |   1071 |     38 |      0 |    945 |   2 |  554.5 |
               +--------+--------+--------+--------+--------+-----+--------+

Top non-repeatable levels by time:
     D:1: 1017 daAuts
     D:2: 92 daAuts
